 Dungeon Crawl Stone Soup version 0.26.0-18-gc5c842f807 (webtiles) character file.

Game seed: 1593813293478044857

177 thiole the Sneak (level 5, 0/31 HPs)
             Began as an Octopode Hedge Wizard on Jan 24, 2021.
             Slain by a human zombie (7 damage)
             ... on level 4 of the Dungeon.
             The game lasted 00:08:58 (3267 turns).

thiole the Sneak (Octopode Hedge Wizard)            Turns: 3267, Time: 00:08:59

Health: 0/31       AC:  1    Str: 10    XL:     5   Next: 57%
Magic:  10/10      EV: 10    Int: 17    God:
Gold:   166        SH:  7    Dex: 11    Spells: 6/11 levels left

rFire    . . .     SeeInvis .   s - +0 trident
rCold    + . .     Faith    .   o - +0 kite shield (curse)
rNeg     . . .     Spirit   .   b - +0 hat
rPois    .         Reflect  .   (no amulet)
rElec    .         Harm     .   i - ring of protection from cold
rCorr    .         Rampage  .   (no ring)
Will     .....                  (no ring)
Stlth    +++.......             (no ring)
HPRegen  0.10/turn              (no ring)
MPRegen  0.12/turn              (no ring)
                                (no ring)
                                (no ring)

@: no status effects
A: almost no armour, stealthy swim, amphibious, 8 rings, constrict 8, camouflage
1, gelatinous body 1
a: no special abilities


You were on level 4 of the Dungeon.
You visited 1 branch of the dungeon, and saw 4 of its levels.

You collected 166 gold pieces.

Inventory:

Hand Weapons
 a - a +0 dagger
 s - a +0 trident (weapon)
Missiles
 d - 3 boomerangs (quivered)
Armour
 b - a +0 hat (worn)
 o - a cursed +0 kite shield (worn)
Jewellery
 g - a cursed -4 ring of dexterity
 i - a ring of protection from cold (left tentacle)
Scrolls
 c - 7 scrolls of identify
 e - a scroll of amnesia {unknown}
 h - a scroll of immolation
 j - 2 scrolls of magic mapping {unknown}
 k - 2 scrolls of fog
 l - a scroll of blinking
 m - a scroll of enchant armour {unknown}
 p - a scroll of remove curse {unknown}
Potions
 f - a potion of curing
 n - a potion of ambrosia {unknown}
 q - 2 potions of heal wounds {unknown}
 r - a potion of haste {unknown}


   Skills:
 - Level 2.0 Dodging
 + Level 4.0 Stealth
 + Level 1.3 Shields
 + Level 3.5 Spellcasting
 * Level 3.0 Conjurations
 - Level 2.0 Summonings
 - Level 2.0 Translocations


You had 6 spell levels left.
You knew the following spells:

 Your Spells              Type           Power        Failure   Level
a - Magic Dart            Conj           52%          28%         1
b - Call Imp              Summ           9%           54%         2
c - Blink                 Tloc           N/A          54%         2

Your spell library contained the following spells:

 Spells                   Type           Power        Failure   Level
 Slow                     Hex            2%           83%         2
 Conjure Flame            Conj/Fire      8%           83%         3
 Mephitic Cloud           Conj/Pois/Air  6%           89%         3


Dungeon Overview and Level Annotations

Branches:
Dungeon (4/15)
 Temple: D:4-7

Altars:
Elyvilon

Portals:
Ossuary: D:4

Annotations:
D:4 1 runed translucent door, Hehehe's ghost, amateur DECj


Innate Abilities, Weirdness & Mutations

You cannot wear most types of armour.
You are very stealthy in the water. (Stealth+)
You are amphibious.
You can wear up to eight rings at the same time.
You can use your tentacles to constrict eight enemies at once.
Your skin changes colour to match your surroundings (Stealth+).
Your rubbery body absorbs attacks. (AC +1, EV +1)


Message History

You open the door.
There is an open door here.
You open the door. You open the door.
A human zombie comes into view.
Found a sand-covered staircase.
There is an open door here.
The helpless human zombie fails to defend itself.
You puncture the human zombie! You grab the human zombie.
You squeeze the human zombie, but do no damage.
The human zombie is lightly damaged.
You constrict the human zombie. The human zombie hits you!
* * * LOW HITPOINT WARNING * * *
You hit the human zombie.
The human zombie is moderately damaged.
You constrict the human zombie. You block the human zombie's attack.
You barely miss the human zombie.
The human zombie is moderately damaged.
You constrict the human zombie. The human zombie hits you!
You die...

###### #....#
#########....#
#............#+#+#+#
##............#Z@...+
..............###...#
##............#.'...+
>...>......##.###'#+#
...#.########.'...#
#..#.##############
#..#........
#.........#
#..#..B...#


You could see a human zombie.

Vanquished Creatures
  An elf skeleton (D:4)
  An orc priest (D:4)
  A worker ant (D:3)
  An ooze (D:3)
  An adder skeleton (D:4)
  A worm (D:2)
  9 orcs
  3 giant cockroaches
  9 goblins
  4 hobgoblins
  A quokka (D:3)
  A ball python (D:3)
  6 bats
  2 frilled lizards (D:1)
  4 kobolds
  2 rats
47 creatures vanquished.

Notes
Turn   | Place    | Note
-------+----------+-------------------------------------------
     0 | D:1      | thiole the Octopode Hedge Wizard began the quest for the
                  | Orb.
     0 | D:1      | Reached XP level 1. HP: 11/11 MP: 4/4
   538 | D:1      | Reached XP level 2. HP: 17/17 MP: 1/6
  1237 | D:2      | Found a white marble altar of Elyvilon.
  1296 | D:2      | Learned a level 2 spell: Call Imp
  1299 | D:2      | Learned a level 2 spell: Blink
  1349 | D:2      | Reached skill level 3 in Stealth
  1349 | D:2      | Reached XP level 3. HP: 21/21 MP: 1/7
  2545 | D:3      | Reached XP level 4. HP: 6/27 MP: 8/8
  3007 | D:4      | Found a runed translucent door.
  3008 | D:4      | Noticed Hehehe's ghost (amateur DECj)
  3145 | D:4      | Reached skill level 1 in Shields
  3145 | D:4      | Reached XP level 5. HP: 4/31 MP: 8/10
  3254 | D:4      | Reached skill level 4 in Stealth
  3263 | D:4      | Found a sand-covered staircase.
  3267 | D:4      | Slain by a human zombie

Illustrated notes

Levels and vault maps discovered:
D:1:      roderic_crossed_star, layout_basic, minmay_heptomino_h4
D:2:      layout_rooms, elyvilon_altar_3
D:3:      layout_loops_corners
D:4:      layout_basic, gammafunk_temple_overflow_arena, tso_altar,
          ebering_ghost_reflecting_pool, nicolae_ossuary_entry_catacombs,
          minmay_misc_feat_alley

Skill      XL: |  1  2  3  4  5 |
---------------+----------------+-----
Stealth        | 3 4 |  4.0
Summonings     | 2 |  2.0
Conjurations   | 2 3 |  3.0
Shields        | 1 |  1.3
Translocations | 2 |  2.0
Dodging        | |  2.0
Spellcasting   | |  3.5

Action                   |  1- 3 |  4- 6 || total
-------------------------+-------+-------++-------
Melee: Dagger            |    29 |       ||    29
       Tentacles         |     8 |     2 ||    10
       Constrict         |    10 |     7 ||    17
       Trident           |     6 |    38 ||    44
Throw: Boomerang         |    15 |       ||    15
 Cast: Magic Dart        |    64 |       ||    64
  Use: Scroll            |     5 |       ||     5
       Potion            |     1 |     2 ||     3
 Stab: Sleeping          |     3 |     3 ||     6
Armor: Skin              |     6 |     5 ||    11
Dodge: Dodged            |    21 |     9 ||    30
Block: Kite shield       |    11 |    11 ||    22
